 Dungeon Crawl Stone Soup version 0.16.1-4-g8e1b745 (webtiles) character file.

64 magipi the Grasshopper (level 3, -3/29 HPs)
             Began as a Centaur Warper on Mar 26, 2015.
             Killed by nerve-wracking pain
             ... invoked by Jessica
              (14 damage)
             ... on level 2 of the Dungeon.
             The game lasted 00:08:06 (2502 turns).

magipi the Grasshopper (Centaur Warper)             Turns: 2502, Time: 00:08:07

Health: -3/29      AC:  4    Str: 13    XL:     3   Next: 91%
Magic:  2/6        EV:  9    Int: 12    God:
Gold:   85         SH:  0    Dex:  9    Spells: 3 memorised, 1 level left

rFire  . . .     SeeInvis .     a - +0 spear
rCold  . . .     Clarity  .     b - +0 leather armour
rNeg   . . .     SustAb   .     (no shield)
rPois  .         Gourm    .     (no helmet)
rElec  .         Spirit   .     (no cloak)
rCorr  .         Warding  .     (no gloves)
rMut   .         Stasis   .     (no barding)
MR     .....                    (no amulet)
Stlth  ..........               (no ring)
                                (no ring)

@: shrouded, very slightly contaminated, very quick, not resistant to hostile
enchantments, extremely unstealthy
A: hooves 3, deformed body, speed 2, tough skin 3
a: no special abilities


You were on level 2 of the Dungeon.
You were very hungry.

You visited 1 branch of the dungeon, and saw 2 of its levels.

You collected 85 gold pieces.

Inventory:

Hand weapons
 a - a +0 spear (weapon)
Missiles
 e - 5 tomahawks of dispersal (quivered)
Armour
 b - a +0 leather armour (worn)
Scrolls
 d - a scroll of blinking
 g - a scroll of magic mapping {unknown}
 h - 3 scrolls of random uselessness {unknown}
 j - a scroll of noise {unknown}
 m - a scroll of teleportation {unknown}
 n - a scroll of remove curse {unknown}
Potions
 k - a potion of restore abilities {unknown}
 l - a potion of curing {unknown}
 o - a potion of agility {unknown}
Books
 c - a book of Spatial Translocations

   Spells                             Type                      Level
   a - Apportation                    Translocation                1
   b - Blink                          Translocation                2
   c - Shroud of Golubria             Charms/Translocation         2
   d - Portal Projectile              Translocation                3
   e - Teleport Other                 Translocation                3
   f - Passage of Golubria            Translocation                4
Comestibles
 f - 3 bread rations
 i - a royal jelly
 p - a meat ration


   Skills:
 - Level 2.0 Fighting
 + Level 2.5 Polearms
 - Level 1.3 Throwing
 - Level 0.6 Armour
 - Level 1.3 Dodging
 - Level 2.0 Spellcasting
 + Level 3.6 Translocations


You had one spell level left.
You knew the following spells:

 Your Spells              Type           Power        Failure   Level  Hunger
a - Apportation           Tloc           #.........   10%         1    ##.....
b - Blink                 Tloc           N/A          14%         2    ###....
c - Shroud of Golubria    Chrm/Tloc      #.........   28%         2    ###....


Dungeon Overview and Level Annotations

Branches:
Dungeon (2/15)

Altars:

Annotations:
D:2 Jessica


Innate Abilities, Weirdness & Mutations

You have hooves in place of feet.
Armour fits poorly on your strangely shaped body.
You cover ground very quickly.
You have extremely tough skin (AC +3).

Vault maps used:
D:1:      wheals_arrival_linesprint, minmay_crystal_water, item_on_display_a
D:2:      okawaru_trees_1, first_bread, nrook_uturn, uniq_robin, uniq_jessica


Message History

The adder barely misses you.
You hit the adder.
The adder is severely wounded.
The adder bites you.
You hit the adder.
You kill the adder!
Things that are here:
a dagger; a goblin skeleton You see here a club.
Things that are here:
a club; a hobgoblin skeleton
Things that are here:
a club; a goblin skeleton You are feeling very hungry.
You open the door.
There is an open door here.
Jessica the Apprentice Sorceress comes into view.
She is wielding a club.
A giant gecko comes into view.
Attack whom?
Press: ? - help, Dir - move target cursor, f - Jessica
Aim: Jessica, wielding a club and wearing a runed robe You reach to attack!
You hit Jessica.
Jessica is moderately wounded.
You closely miss Jessica. You kick Jessica.
Jessica is moderately wounded.
Jessica casts a spell at you. Pain shoots through your body!
You closely miss Jessica.
Jessica is moderately wounded.
Jessica closely misses you.
You barely miss Jessica.
Jessica is moderately wounded.
Jessica hits you but does no damage.
You barely miss Jessica.
Jessica is moderately wounded.
The giant gecko barely misses you. Jessica gestures at you while chanting.
Pain shoots through your body!
You are too injured to fight recklessly!
You are too injured to fight recklessly!
There is an open door here.
Unknown command.
Evoke which item? (* to show all) (? for menu, Esc to quit)
Attack whom?
Press: ? - help, Dir - move target cursor, f - giant gecko
Aim: a giant gecko (clinging)
You reach to attack!
You closely miss the giant gecko.
Evoke which item? (* to show all) (? for menu, Esc to quit)
Attack whom?
Press: ? - help, Dir - move target cursor, f/p - giant gecko
Aim: a giant gecko (clinging)
You barely miss the giant gecko. The giant gecko bites you.
Evoke which item? (* to show all) (? for menu, Esc to quit)
Attack whom?
Press: ? - help, Dir - move target cursor, f/p - giant gecko
Aim: a giant gecko (clinging)
You reach to attack!
You hit the giant gecko.
The giant gecko is lightly wounded.
Jessica casts a spell.
Jessica blinks!
Jessica gestures wildly while chanting.
Jessica blinks!
Evoke which item? (* to show all) (? for menu, Esc to quit)
Attack whom?
Press: ? - help, Dir - move target cursor, f/p - giant gecko
Aim: a giant gecko (clinging)
You reach to attack!
You hit the giant gecko.
The giant gecko is lightly wounded.
Evoke which item? (* to show all) (? for menu, Esc to quit)
Attack whom?
Press: ? - help, Dir - move target cursor, f/p - giant gecko
Aim: a giant gecko (lightly wounded)
You reach to attack!
You completely miss the giant gecko.
The giant gecko is lightly wounded.
Jessica gestures wildly while chanting.
Jessica blinks!
The giant gecko bites you.
Cast which spell? (? or * to list)
You miscast Shroud of Golubria.
You are very lightly contaminated with residual magic.
Strange energies run through your body.
Jessica casts a spell.
Jessica seems to speed up.
You see here a bat skeleton.
Casting: Shroud of Golubria
Confirm with . or Enter, or press ? or * to list all spells.
Space distorts slightly along a thin shroud covering your body.
The giant gecko bites you but does no damage.
Unknown command.
You closely miss the giant gecko. Your kick misses the giant gecko.
The giant gecko is lightly wounded.
The giant gecko barely misses you.
You closely miss the giant gecko.
The giant gecko is lightly wounded.
The giant gecko barely misses you.
You hit the giant gecko.
The giant gecko is severely wounded.
The giant gecko barely misses you. Jessica gestures at you while chanting.
Pain shoots through your body!
You die...

.....#...........).).......###..
...#.............#.....####....
...###.............##....#..#
..## ###.(..<...............#
### .##
###...........####..##.###.. ##
#..............###)).#......
#.#.........#..(#.......#...
##.#.........@....>..........
#..#........@#...............
#.##........l###.............
#.#..........รท.........##....
#.................##.........
##.......[......##.##...##....
##..........####..#.##...###...
#.........### ##...###.## ##..
#..##....## ####..###### ###
###..###..## #..........#


You could see Jessica and a giant gecko.

Table legend:
 A = Kills in this place as a percentage of kills in entire the game.
 B = Kills by you in this place as a percentage of kills by you in the entire game.
 C = Kills by friends in this place as a percentage of kills by friends in the entire game.
 D = Other kills in this place as a percentage of other kills in the entire game.
 E = Experience gained in this place as a percentage of experience gained in the entire game.
 F = Experience gained in this place divided by the number of levels of this place that you have seen.
                   A       B       C       D       E      F
               +-------+-------+-------+-------+-------+----------------------
         Total | 100.0 | 100.0 |  -nan |  -nan | 100.0 |  46.0
       Dungeon | 100.0 | 100.0 |  -nan |  -nan | 100.0 |  46.0
               +-------+-------+-------+-------+-------+----------------------

Vanquished Creatures
  An adder (D:2)
  A worm (D:2)
  3 giant geckos
  3 bats
  5 goblins
  12 hobgoblins
  7 jackals (D:1)
  4 kobolds
  2 giant newts
  6 rats
44 creatures vanquished.

Notes
Turn   | Place    | Note
--------------------------------------------------------------
     0 | D:1      | magipi, the Centaur Warper, began the quest for the Orb.
     0 | D:1      | Reached XP level 1. HP: 17/17 MP: 2/2
   348 | D:1      | Reached skill level 3 in Translocations
   369 | D:1      | Reached XP level 2. HP: 18/24 MP: 3/3
   719 | D:1      | Learned a level 2 spell: Blink
   722 | D:1      | Learned a level 2 spell: Shroud of Golubria
  1493 | D:2      | Reached XP level 3. HP: 29/29 MP: 6/6
  2451 | D:2      | Noticed Jessica
  2502 | D:2      | Killed from afar by Jessica

Action                   || total
-------------------------++-------
Melee: Spear             ||   232
 Cast: Shroud of Golubri ||     1
  Eat: Chunk             ||     3

Action                   || total
-------------------------++-------
Melee: Spear             ||   232
 Cast: Shroud of Golubri ||     1
  Eat: Chunk             ||     3

Action                   || total
-------------------------++-------
Melee: Spear             ||   232
 Cast: Shroud of Golubri ||     1
  Eat: Chunk             ||     3
